 Dungeon Crawl Stone Soup version 0.32-a0-136-gc02482bde3 (webtiles) character file.

Game seed: 10399589866842209685

141543 Newt the Crack Shot (level 17, -1/109 HPs)
             Began as a Kobold Hunter on Feb 10, 2024.
             Was the Champion of Hepliaklqana.
             Slain by a spark wasp (17 damage)
             ... on level 4 of the Swamp.
             The game lasted 00:38:56 (28877 turns).

Newt the Crack Shot (Kobold Hunter)                Turns: 28877, Time: 00:38:57

Health: -1/109     AC:  6    Str:  9    XL:     17   Next: 94%
Magic:  23/23      EV: 28    Int: 11    God:    Hepliaklqana [******]
Gold:   2632       SH:  5    Dex: 25    Spells: 16/16 levels left

rFire   . . .        E - +2 arbalest (heavy)
rCold   + . .        (shield currently unavailable)
rNeg    . . .        K - +3 troll leather armour
rPois   .            y - melded +2 helmet
rElec   .            A - melded scarf {repulsion}
rCorr   +            Y - melded +0 pair of gloves of Dice, Bag, and Bottle {rC+++ Will- rCorr Dex-5}
SInv    .            (boots currently unavailable)
Will    +....        i - amulet of reflection
Stlth   +++++++      G - ring of Zueseciq {Fly rCorr Slay+4 Stlth+}
HPRegen 1.18/turn    D - ring "Ettaro Tefu" {rC+ Slay+3}
MPRegen 0.18/turn

%: reflection
@: beast-form, flying, studying Staves
A: beast (slay +4), reduced essence, small, no large weapons, nightstalker 3
a: Begin Untransformation, Renounce Religion, Recall Ancestor, Ancestor
Identity, Transference, Idealise


You were on level 4 of the Swamp.
You worshipped Hepliaklqana.
Hepliaklqana was exalted by your worship.
You were a hulking beast.
You visited 4 branches of the dungeon, and saw 25 of its levels.
You also visited: Gauntlet and Ice Cave.

You collected 3413 gold pieces.
You spent 781 gold pieces at shops.

Inventory:

Hand Weapons
 l - a +0 heavy hand cannon
 E - a +2 heavy arbalest (weapon)
Armour
 f - a +2 pair of gloves
 m - a +1 buckler of protection
 y - a +2 helmet (melded)
 A - a scarf of repulsion (melded)
 I - a +1 kite shield of cold resistance
 K - a +3 troll leather armour (worn)
 Y - the +0 pair of gloves of Dice, Bag, and Bottle (melded) {rC+++ Will- rCorr Dex-5}
   (You found it on level 2 of the Lair of Beasts)

   Dex-5:     It affects your dexterity (-5).
   rC+++:     It renders you almost immune to cold.
   Will-:     It decreases your willpower.
   rCorr:     It protects you from acid and corrosion.
Jewellery
 i - an amulet of reflection (around neck)
 D - the ring "Ettaro Tefu" (right hand) {rC+ Slay+3}
   (You bought it in a shop on level 8 of the Dungeon)

   [ring of protection from cold]

   Slay+3:    It affects your accuracy & damage with ranged weapons and melee
   (+3).
   rC+:       It protects you from cold.
 G - the ring of Zueseciq (left hand) {Fly rCorr Slay+4 Stlth+}
   (You found it in an ice cave)

   [ring of slaying]

   Slay+4:    It affects your accuracy & damage with ranged weapons and melee
   (+4).
   Fly:       It grants you flight.
   rCorr:     It protects you from acid and corrosion.
   Stlth+:    It makes you more stealthy.
 L - the ring of the Fool {rCorr Dex+2 SInv}
   (You found it in a Gauntlet)

   [ring of resist corrosion]

   Dex+2:     It affects your dexterity (+2).
   SInv:      It lets you see invisible.
   rCorr:     It protects you from acid and corrosion.
 M - a ring of positive energy
 N - a ring of protection from fire
 U - the ring of Lugonu's Hope {rElec Will+ AC+4 Int-3}
   (You found it on level 15 of the Dungeon)

   [ring of protection]

   AC+4:      It affects your AC (+4).
   Int-3:     It affects your intelligence (-3).
   rElec:     It insulates you from electricity.
   Will+:     It increases your willpower.
Talismans
 P - a beast talisman (active)
Wands
 n - a wand of acid (12)
 q - a wand of polymorph (2)
 r - a wand of flame (105)
 x - a wand of roots (22)
 B - a wand of charming (16)
 Z - a wand of mindburst (1)
Scrolls
 a - 2 scrolls of noise
 c - a scroll of blinking
 e - 4 scrolls of teleportation
 k - a scroll of fear
 o - 12 scrolls of identify
 u - 2 scrolls of fog
 C - a scroll of immolation
 H - 9 scrolls of amnesia
 J - 3 scrolls of poison
 R - 5 scrolls of torment
 V - a scroll of revelation
 W - a scroll of butterflies
 X - a scroll of enchant armour
Potions
 b - a potion of berserk rage
 d - 2 potions of might
 g - 4 potions of magic
 h - 2 potions of cancellation
 j - 2 potions of mutation
 p - 3 potions of ambrosia
 s - 4 potions of resistance
 t - a potion of heal wounds
 v - 4 potions of curing
 z - 3 potions of enlightenment
 Q - 2 potions of lignification
 S - 2 potions of brilliance
 T - a potion of haste
Miscellaneous
 F - a tin of tremorstones (2/2)


   Skills:
 + Level 19.5 Fighting
 * Level 22.0 Ranged Weapons
 - Level 15.1 Dodging
 - Level 10.8 Stealth
 - Level 8.8 Invocations
 - Level 5.2 Evocations
 - Level 7.0 Shapeshifting


You had 16 spell levels left.
You didn't know any spells.
Your spell library contained the following spells:

 Spells                   Type           Power      Damage    Failure   Level
 Magic Dart               Conj           0%         1d3       45%         1
 Blink                    Tloc           0%         N/A       58%         2
 Call Imp                 Summ           0%         N/A       58%         2
 Cigotuvi's Dreadful Rot  Necr/Alch/Air  0%         N/A       58%         2
 Ensorcelled Hibernation  Hex/Ice        0%         N/A       58%         2
 Static Discharge         Conj/Air       0%         3-3/arc   58%         2
 Fugue of the Fallen      Necr           0%         N/A       83%         3
 Stone Arrow              Conj/Erth      0%         3d7       83%         3
 Volatile Blastmotes      Fire/Tloc      0%         2d10      83%         3
 Airstrike                Air            0%         2d(0-16)  99%         4
 Anguish                  Hex/Necr       0%         N/A       99%         4
 Animate Armour           Summ/Erth      0%         N/A       99%         4
 Fulminant Prism          Conj/Alch      0%         3d5       99%         4
 Ignite Poison            Fire/Alch      0%         N/A       99%         4
 Iskenderun's Mystic Bla  Conj/Tloc      0%         2d3       99%         4
 Leda's Liquefaction      Alch/Erth      0%         N/A       99%         4
 Summon Lightning Spire   Summ/Air       0%         N/A       99%         4
 Freezing Cloud           Conj/Ice/Air   0%         6-21      100%        5
 Iskenderun's Battlesphe  Conj           0%         2d6       100%        5
 Lee's Rapid Deconstruct  Erth           0%         3d4*      100%        5
 Bombard                  Conj/Erth      0%         9d1       100%        6
 Spellforged Servitor     Conj/Summ      0%         N/A       100%        7
 Lehudib's Crystal Spear  Conj/Erth      0%         10d2      100%        8


Dungeon Overview and Level Annotations

Branches:
Dungeon (15/15) Temple (1/1) D:6 Lair (5/5) D:11 Swamp (4/4) Lair:2 Snake (0/4) Lair:3 Slime (0/5) Lair:4 Orc (0/2) D:11 Vaults (0/5) D:13 D:14 Depths (0/4) D:15 IceCv (visited) Gauntlet (visited)

Altars:
Ashenzari
Cheibriados
Dithmenos
Elyvilon
Fedhas
Gozag
Hepliaklqana
Kikubaaqudgha
Makhleb
Nemelex Xobeh
Okawaru
Qazlal
Ru
Sif Muna
Trog
Uskayaw
Vehumet
Wu Jian
Xom
Yredelemnul
Zin
The Shining One
Jiyva

Shops:
D:7 *   D:8 =   D:10 *   D:13 !

Annotations:
D:7 2 transporters, whatisthis's ghost, novice DjIE


Innate Abilities, Weirdness & Mutations

You are a hulking beast.
Your limbs bulge with bestial killing power. (Slay +4)
Your life essence is reduced to manifest your ancestor. (-10% HP)
You are small and have problems with some larger weapons.
You are completely attuned to the shadows.


Message History

The bolt hits the spark wasp!!
The spark wasp is moderately wounded.
You hear an angry buzzing noise. x2
The spark wasp bursts into living lightning!
The living lightning hits you!!
The spark wasp blinks! x2
A spark wasp comes into view.
The spark wasp closely misses you. The spark wasp stings you!!
The spark wasp shocks you!
The spark wasp moves out of view.
You are too injured to fight recklessly!
Unknown command.
You shoot a bolt.
The bolt hits the spark wasp but does no damage.
The spark wasp is moderately wounded.
The spark wasp misses you. The spark wasp barely misses you.
Unknown command.
Unknown command.
You shoot a bolt. The bolt hits the spark wasp!!!
The spark wasp is almost dead.
The spark wasp completely misses you. The spark wasp stings you!!
The spark wasp shocks you!
* * * LOW HITPOINT WARNING * * *
Zola hits the spark wasp with a +0 broad axe of flaming!
Zola burns the spark wasp.
The spark wasp dies!
Zola misses the spark wasp.
Unknown command.
You feel much better.
Unknown command.
Fire: E) +2 arbalest (heavy)
Press: ? - help, Shift-Dir - straight line, f - spark wasp
Aim: a spark wasp (ally target, 74% to hit)
You shoot a bolt. The bolt hits the spark wasp!!!
The spark wasp is heavily wounded.
You hear an angry buzzing noise.
A living lightning appears from out of your range of vision.
The living lightning misses Zola.
The spark wasp stings you!!
* * * LOW HITPOINT WARNING * * *
The spark wasp shocks you!
You die...
Hepliaklqana delivers you to your ancestors.

~.~~..♣♣≈≈ ....~♣♣≈≈≈
~..§..≈≈≈≈ ~.~..♣♣≈≈≈
~≈≈.. ..~~~..~...♣♣≈≈
≈≈.y.....§.~..~...♣♣≈
≈≈.R.♣.....♣......~~.
~~.y♣..~.~~.♣.~..♣♣♣
♣h~....~~...~§♣
♣♣...~~~.~~♣~~♣
♣^~.~.♣~..~.~§♣
♣♣~♣.♣♣♣♣~♣..♣♣ ♣♣♣♣♣
♣♣♣♣♣♣


You could see the friendly Zola the knight and 2 spark wasps.

Vanquished Creatures
  Jorgrun (Swamp:2)
  5 thorn hunters
  Gastronok (D:8)
  Donald (Swamp:2)
  Roxanne (D:15)
  A fenstrider witch (Swamp:3)
  2 ghouls (Swamp:3)
  Nessos (D:14)
  2 eleionomae (Swamp:1)
  A bunyip (Swamp:1)
  A minotaur (Gauntlet)
  3 white draconians (IceCv)
  A shambling mangrove (Swamp:3)
  2 entropy weavers (shapeshifter)
  2 ice dragons (Lair:5)
  A great orb of eyes (Gauntlet)
  Erolcha (D:13)
  7 hydras
  2 centaur warriors
  5 alligators
  3 ghost crabs
  Erica (D:11)
  2 boulder beetles
  6 death yaks (Lair:4)
  A two-headed ogre (D:9)
  4 tengu warriors
  Urug (D:14)
  A vampire mage (D:14)
  A hell knight (D:15)
  2 skysharks
  A deep elf knight (D:9)
  5 spriggans
  Lodul (D:13)
  6 goliath frogs
  2 spriggan druids (Swamp:4)
  3 death drakes
  2 lindwurms
  7 bog bodies
  4 swamp dragons
  A necromancer (D:15)
  An orange crystal statue (IceCv)
  3 deep elf pyromancers
  4 ugly things
  7 will-o-the-wisps
  4 manticores
  5 cyclopes
  14 elephants
  2 torpor snails (Lair:5)
  2 black mambas
  A gargoyle (D:11)
  4 storm dragon simulacra (IceCv)
  8 cane toads
  A kobold demonologist (D:9)
  Maggie (D:6)
  9 komodo dragons
  2 rime drakes
  5 golden dragon simulacra (IceCv)
  2 freezing wraiths (D:14)
  3 tengu conjurers
  2 trolls
  A wind drake (shapeshifter) (D:15)
  6 bloated husks (Swamp:3)
  13 tyrant leeches
  Grinder (D:4)
  A polar bear (Lair:3)
  A hornet (shapeshifter) (D:14)
  Prince Ribbit (Temple)
  13 hornets
  6 dream sheep (Lair:4)
  2 blink frogs (Lair:3)
  Sigmund (D:5)
  5 slime creatures (D:12)
  7 shadows
  A spriggan (shapeshifter) (D:15)
  A wraith (D:12)
  47 yaks
  14 humans (D:13)
  6 basilisks
  3 steam dragons
  10 vampire mosquitoes
  Menkaure (D:5)
  18 swamp worms
  5 acid dragons
  16 water moccasins
  2 black bears
  7 swamp drakes
  An ice beast (D:7)
  5 ice dragon simulacra (IceCv)
  5 ogres
  5 orc warriors
  3 laughing skulls (D:15)
  22 wolves
  4 centaurs
  5 phantoms
  3 kobold brigands
  Blork the orc (D:5)
  A gnoll sergeant (D:11)
  2 scorpions
  10 bullfrogs
  16 wights
  5 lindwurm simulacra (IceCv)
  5 killer bees
  5 howler monkeys
  An electric eel (Lair:2)
  A lava snake (Lair:2)
  A crimson imp (D:6)
  2 jellies
  3 hounds
  5 orc priests
  18 orc wizards
  2 sleepcaps
  Natasha (twice) (D:3)
  10 iguanas
  6 gnolls
  10 adders
  5 ufetubi (D:6)
  4 dart slugs
  3 ribbon worms
  38 orcs
  8 ball pythons
  5 endoplasms
  A giant cockroach (D:3)
  7 goblins
  10 hobgoblins
  9 jackals
  35 kobolds
  3 quokkas
  7 bats
  8 frilled lizards
  8 rats
674 creatures vanquished.

Vanquished Creatures (collateral kills)
  A draconian knight (IceCv)
  A ghoul (Swamp:3)
  2 white draconians (IceCv)
  A spark wasp (Swamp:4)
  A centaur warrior (D:13)
  2 hydras
  2 alligators (Swamp:4)
  A ghost crab (Swamp:3)
  2 two-headed ogres
  A tengu warrior (D:15)
  A goliath frog (Swamp:1)
  A swamp dragon (Swamp:1)
  A lindwurm (Lair:5)
  An ugly thing (Gauntlet)
  A moth of wrath (Gauntlet)
  A cyclops (D:13)
  3 elephants
  4 torpor snails (Lair:5)
  A storm dragon simulacrum (IceCv)
  3 komodo dragons
  4 hornets
  A tyrant leech (Swamp:4)
  A dream sheep (Lair:4)
  A blink frog (Lair:3)
  2 slime creatures (D:12)
  A spriggan (Swamp:1)
  A water elemental (D:15)
  A wyvern (Lair:5)
  A wraith (D:9)
  13 yaks
  2 humans (D:13)
  3 vampire mosquitoes
  A naga (Lair:3)
  3 swamp worms
  4 water moccasins
  An orc warrior (D:9)
  A centaur (D:15)
  7 wolves
  3 kobold brigands
  4 bullfrogs
  3 wights
  A lindwurm simulacrum (IceCv)
  4 howler monkeys
  A gnoll bouda (D:9)
  3 orc wizards
  3 gnolls (D:9)
  A white imp (D:6)
  An ufetubus (D:6)
  3 orcs
  2 kobolds (D:8)
108 creatures vanquished.

Vanquished Creatures (others)
  A bloated husk (Swamp:3)
  4 ancestors
  18 knights
  15 foxfires
38 creatures vanquished.

Grand Total: 820 creatures vanquished

Notes
Turn   | Place    | Note
-------+----------+-------------------------------------------
     0 | D:1      | Newt the Kobold Hunter began the quest for the Orb.
     0 | D:1      | Reached XP level 1. HP: 12/12 MP: 1/1
    81 | D:1      | Reached XP level 2. HP: 18/18 MP: 2/2
   166 | D:1      | Reached skill level 6 in Ranged Weapons
   226 | D:1      | Reached XP level 3. HP: 22/22 MP: 3/3
   874 | D:2      | Reached XP level 4. HP: 28/28 MP: 4/4
   882 | D:2      | Found a faded altar of an unknown god.
  1116 | D:2      | Reached skill level 7 in Ranged Weapons
  1204 | D:2      | Reached XP level 5. HP: 32/32 MP: 5/5
  1812 | D:3      | Found a blossoming altar of Fedhas.
  1903 | D:3      | Noticed Natasha
  1907 | D:3      | Killed Natasha
  2026 | D:3      | Noticed Natasha
  2037 | D:3      | Killed Natasha
  2038 | D:3      | Reached XP level 6. HP: 29/38 MP: 6/6
  2221 | D:3      | Reached skill level 8 in Ranged Weapons
  2429 | D:4      | Noticed Grinder
  2430 | D:4      | Paralysed by Grinder for 5 turns
  2457 | D:4      | Killed Grinder
  2458 | D:4      | Reached skill level 9 in Ranged Weapons
  2458 | D:4      | Reached XP level 7. HP: 26/44 MP: 7/7
  2481 | D:4      | Reached skill level 5 in Fighting
  2908 | D:4      | Reached skill level 10 in Ranged Weapons
  2908 | D:4      | Reached XP level 8. HP: 33/50 MP: 8/8
  3013 | D:4      | Found a bloodstained altar of Trog.
  3328 | D:5      | Entered Level 5 of the Dungeon
  3330 | D:5      | Identified the +3 war axe of Growth {pain, rElec Will+}
  3421 | D:5      | Noticed Sigmund
  3431 | D:5      | Killed Sigmund
  3478 | D:5      | Reached skill level 5 in Dodging
  3777 | D:5      | Noticed Blork the orc
  3789 | D:5      | Killed Blork the orc
  3814 | D:5      | Reached XP level 9. HP: 18/57 MP: 9/9
  3978 | D:5      | Noticed Menkaure
  3984 | D:5      | Killed Menkaure
  5112 | D:6      | Found a burning altar of Makhleb.
  5112 | D:6      | Found a radiant altar of Vehumet.
  5159 | D:6      | Found a staircase to the Ecumenical Temple.
  5161 | D:6      | Noticed Prince Ribbit
  5166 | Temple   | Entered the Ecumenical Temple
  5567 | Temple   | Killed Prince Ribbit
  5581 | Temple   | Became a worshipper of Hepliaklqana the Forgotten
  5705 | D:6      | Found a broken altar of Ashenzari.
  5780 | D:6      | Found a shadowy altar of Dithmenos.
  5879 | D:7      | Found a transporter.
  6091 | D:7      | Found a transporter.
  6093 | D:7      | Noticed a moth of wrath
  6097 | D:7      | Noticed whatisthis's ghost (novice DjIE)
  6309 | D:7      | Reached skill level 10 in Dodging
  6311 | D:7      | Reached XP level 10. HP: 35/65 MP: 10/10
  6317 | D:7      | Reached skill level 1 in Evocations
  6796 | D:7      | Reached * piety under Hepliaklqana
  6797 | D:7      | Found Usox's Overcharged Wands.
  7619 | D:6      | Reached skill level 5 in Evocations
  7804 | D:6      | Found a glowing golden altar of the Shining One.
  7905 | D:6      | Found a shimmering altar of Xom.
  8019 | D:6      | Noticed Maggie
  8031 | D:6      | Killed Maggie
  8038 | D:6      | Found a glowing silver altar of Zin.
  8038 | D:6      | Noticed an angel
  8189 | D:8      | Reached skill level 11 in Ranged Weapons
  8540 | D:8      | Found a sparkling altar of Nemelex Xobeh.
  8564 | D:8      | Found an ornate altar of the Wu Jian Council.
  8570 | D:8      | Noticed Gastronok
  8592 | D:8      | Killed Gastronok
  8593 | D:8      | Reached skill level 10 in Fighting
  8593 | D:8      | Reached skill level 12 in Ranged Weapons
  8593 | D:8      | Reached XP level 11. HP: 22/64 MP: 11/11
  8891 | D:8      | Found a white marble altar of Elyvilon.
  8986 | D:8      | Found Beunyr's Jewellery Shop.
  9008 | D:8      | Reached ** piety under Hepliaklqana
  9009 | D:8      | Remembered your ancestor Zola as a knight
  9497 | D:9      | Reached skill level 13 in Ranged Weapons
  9768 | D:9      | Identified a scroll of acquirement
  9769 | D:9      | Acquired 813 gold pieces
  9929 | D:8      | Bought the ring "Ettaro Tefu" {rC+ Slay+3} for 669 gold
                  | pieces
 10056 | D:9      | Reached skill level 14 in Ranged Weapons
 10362 | D:9      | Found a basalt altar of Yredelemnul.
 10415 | D:9      | Noticed a two-headed ogre
 10422 | D:9      | Killed a two-headed ogre
 10587 | D:9      | Noticed a two-headed ogre
 10596 | D:9      | Killed a two-headed ogre
 10597 | D:9      | Reached skill level 15 in Ranged Weapons
 10624 | D:9      | Noticed a deep elf knight
 10631 | D:9      | Killed a deep elf knight
 10726 | D:9      | Identified the +0 chain mail of Satisfaction {rC+ rN+ Int+3
                  | Slay-2}
 10786 | D:9      | Noticed a cyclops
 10793 | D:9      | Killed a cyclops
 10868 | D:9      | Reached XP level 12. HP: 72/72 MP: 12/12
 10909 | D:10     | Entered Level 10 of the Dungeon
 10986 | D:10     | Found a shimmering blue altar of Sif Muna.
 11215 | D:10     | Found Futi Nof's General Store.
 11248 | D:10     | Found an ancient bone altar of Kikubaaqudgha.
 11315 | D:10     | Reached skill level 16 in Ranged Weapons
 11544 | D:10     | Reached *** piety under Hepliaklqana
 11844 | D:11     | Noticed Erica
 11846 | D:11     | Killed Erica
 11971 | D:11     | Reached skill level 17 in Ranged Weapons
 12104 | D:11     | Found a staircase to the Lair.
 12168 | D:11     | Noticed a boulder beetle
 12178 | D:11     | Killed a boulder beetle
 12403 | D:11     | Noticed a seven-headed hydra
 12406 | D:11     | Killed a seven-headed hydra
 12416 | D:11     | Found a staircase to the Orcish Mines.
 12475 | D:11     | Reached skill level 18 in Ranged Weapons
 12657 | D:12     | Reached XP level 13. HP: 76/79 MP: 13/13
 12685 | D:12     | Identified the +1 chain mail of Compression {Stlth+}
 12759 | D:12     | Found a gate leading to a gauntlet.
 12765 | Gauntlet | Entered a Gauntlet
 12765 | Gauntlet | Found a transporter.
 12774 | Gauntlet | Found a transporter.
 12794 | Gauntlet | Found a transporter.
 12806 | Gauntlet | Found a transporter.
 12824 | Gauntlet | Found a transporter.
 12834 | Gauntlet | Found a transporter.
 12841 | Gauntlet | Noticed a great orb of eyes
 12859 | Gauntlet | Found a transporter.
 12877 | Gauntlet | Found a transporter.
 12896 | Gauntlet | Found a transporter.
 12908 | Gauntlet | Found a transporter.
 12911 | Gauntlet | Noticed a catoblepas
 13107 | Gauntlet | Found a transporter.
 13247 | Gauntlet | Found a transporter.
 13248 | Gauntlet | Identified the ring "Imocrimm" {Fly rElec Str+9 Dex-5}
 13289 | Gauntlet | Reached skill level 19 in Ranged Weapons
 13301 | Gauntlet | Found a transporter.
 13301 | Gauntlet | Found a transporter.
 13324 | Gauntlet | Killed a great orb of eyes
 13332 | Gauntlet | Identified the ring of the Fool {rCorr Dex+2 SInv}
 13389 | Gauntlet | Noticed a minotaur
 13397 | Gauntlet | Killed a minotaur
 13579 | D:12     | Reached **** piety under Hepliaklqana
 13866 | D:13     | Noticed a centaur warrior
 13869 | D:13     | Killed a centaur warrior
 13870 | D:13     | Reached skill level 20 in Ranged Weapons
 14065 | D:13     | Noticed Erolcha
 14067 | D:13     | Killed Erolcha
 14068 | D:13     | Reached skill level 1 in Shapeshifting
 14095 | D:13     | Found Del Opoz's Distillery.
 14123 | D:13     | Bought a potion of heal wounds for 70 gold pieces
 14123 | D:13     | Bought a potion of lignification for 42 gold pieces
 14424 | D:14     | Noticed Nessos
 14424 | D:14     | Noticed a centaur warrior
 14424 | D:14     | Noticed Urug
 14424 | D:14     | Noticed Lodul
 14424 | D:14     | Found a gate to the Vaults.
 14430 | D:13     | Killed Lodul
 14434 | D:13     | Killed a centaur warrior
 14848 | D:13     | Reached XP level 14. HP: 60/86 MP: 14/14
 15000 | D:14     | Killed Urug
 15051 | D:14     | Reached skill level 5 in Shapeshifting
 15065 | D:14     | Killed Nessos
 16053 | D:14     | Reached skill level 15 in Fighting
 17109 | D:15     | Entered Level 15 of the Dungeon
 17216 | D:15     | Reached skill level 1 in Invocations
 17382 | D:15     | Reached ***** piety under Hepliaklqana
 17383 | D:15     | Identified the ring of Lugonu's Hope {rElec Will+ AC+4
                  | Int-3}
 17433 | D:15     | Noticed Roxanne
 17438 | D:15     | Killed Roxanne
 17973 | D:15     | Found a staircase to the Depths.
 17990 | D:15     | Reached skill level 5 in Invocations
 18826 | Lair:1   | Entered Level 1 of the Lair of Beasts
 19813 | Lair:2   | Reached XP level 15. HP: 93/93 MP: 20/20
 19854 | Lair:2   | Found a glowing silver altar of Zin.
 20457 | Lair:2   | Identified the +0 pair of gloves of Dice, Bag, and Bottle
                  | {rC+++ Will- rCorr Dex-5}
 20776 | Lair:2   | Identified the +9 spear "Beetle's Death Toll" {speed,
                  | Int+2}
 20875 | Lair:2   | Found a staircase to the Swamp.
 21240 | Lair:3   | Reached skill level 5 in Stealth
 21633 | Lair:3   | Found a staircase to the Snake Pit.
 22037 | Lair:4   | Reached ****** piety under Hepliaklqana
 22180 | Lair:4   | Found a staircase to the Slime Pits.
 22180 | Lair:4   | Found a viscous altar of Jiyva.
 22634 | Lair:5   | Entered Level 5 of the Lair of Beasts
 22747 | Lair:4   | Reached skill level 10 in Stealth
 22837 | Lair:5   | Reached XP level 16. HP: 92/100 MP: 22/22
 23430 | Lair:5   | Identified the +2 sling of Onirr {flame, rPois Str+3 Int+2
                  | SInv}
 24162 | Swamp:1  | Entered Level 1 of the Swamp
 24378 | Swamp:1  | Identified the +3 whip "Raoheun" {spect, *Noise rC+ Int+5}
 24805 | Swamp:2  | Noticed Jorgrun
 24810 | Swamp:2  | Killed Jorgrun
 24940 | Swamp:2  | Found a glacial archway.
 24948 | IceCv    | Entered an ice cave
 25624 | IceCv    | Noticed a white draconian knight
 25637 | IceCv    | Killed a white draconian knight
 25804 | IceCv    | Identified the ring of Zueseciq {Fly rCorr Slay+4 Stlth+}
 25814 | IceCv    | Identified the ring "Addurruy" {MP+9 Slay+4}
 26071 | Swamp:2  | Noticed Donald
 26074 | Swamp:2  | Reached XP level 17. HP: 108/108 MP: 23/23
 26075 | Swamp:2  | Killed Donald
 26722 | Swamp:3  | Noticed a thorn hunter
 26725 | Swamp:3  | Killed a thorn hunter
 26726 | Swamp:3  | Reached skill level 15 in Dodging
 26853 | Swamp:3  | Noticed a thorn hunter
 26857 | Swamp:3  | Killed a thorn hunter
 26949 | Swamp:3  | Noticed a thorn hunter
 26952 | Swamp:3  | Killed a thorn hunter
 27388 | Swamp:3  | Reached skill level 21 in Ranged Weapons
 27660 | Swamp:3  | Noticed a thorn hunter
 27667 | Swamp:3  | Killed a thorn hunter
 27959 | Swamp:3  | Acquired a +0 heavy hand cannon
 28567 | Swamp:4  | Entered Level 4 of the Swamp
 28669 | Swamp:4  | Noticed a thorn hunter
 28671 | Swamp:4  | Killed a thorn hunter
 28816 | Swamp:4  | Reached skill level 22 in Ranged Weapons
 28877 | Swamp:4  | Slain by a spark wasp

Illustrated notes

Levels and vault maps discovered:
D:1:      scummos_arrival_simple_crosswalls, layout_basic, minmay_tiny_reverse_x
D:2:      layout_rooms, hellmonk_ecumenical_altar_pennies_from_heaven
D:3:      layout_rooms, fedhas_altar_4, uniq_natasha
D:4:      layout_loops_ring, trog_book, minivault_19, st_stairs_14, uniq_grinder
D:5:      layout_loops_ring, kennysheep_generic_room_6, uniq_menkaure,
          uniq_blork_the_orc, uniq_sigmund
D:6:      layout_gridville, grunt_temple_overflow_lords_of_destruction,
          zin_angel, nicolae_tso_swordbearing_angel, evilmike_ruin_ashenzari,
          mainiacjoe_overflow_chevrons, lemuel_coloured_pillars_altar,
          minmay_temple_entry_glass, chequers_serial_rivers_large_b,
          kennysheep_potato, uniq_maggie, uniq_prince_ribbit1
D:7:      layout_gridville, gammafunk_ghost_wrathful_warriors, st_stairs_6,
          glass_columns_a, abandoned_shop, nicolae_shop_overcharged_wands
D:8:      layout_loops_ring, mainiacjoe_overflow_catwalk, elyvilon_altar_3,
          nemelex_diamond_rough_becter, serial_shops, shop, uniq_gastronok
D:9:      nzn_winding_woodlands_medium [nzn_winding_woodlands_5x5_open_star,
          nzn_winding_woodlands_5x15_pathside_ponds,
          nzn_winding_woodlands_5x5_default,
          nzn_winding_woodlands_5x5_checkerboard,
          nzn_winding_woodlands_center_diamonds,
          nzn_winding_woodlands_5x5_three, nzn_winding_woodlands_5x5_default,
          nzn_winding_woodlands_5x15_twine, nzn_winding_woodlands_5x5_cross],
          layout_basic, yredelemnul_altar_generic
D:10:     layout_stronghold, kennysheep_orc_sif_temple,
          mainiacjoe_overflow_paths, serial_shops, nicolae_shop_tiny_glass
D:11:     layout_rooms, due_lair_maze_entry_diamond, orc_0_dummy, special_room
          [special_room_orc], uniq_erica
D:12:     layout_big_octagon, gauntlet_entry_generic, nicolae_titane
D:13:     layout_rooms, serial_shops, nicolae_shop_tiny_glass, drop_trap,
          uniq_erolcha
D:14:     layout_gridville, david_vaults_3, minmay_misc_feat_alley,
          nzn_life_drinkers
D:15:     hangedman_depths_entry_civil_slaughter, layout_stronghold,
          serial_bayou_pond_b, uniq_roxanne
Temple:   hellmonk_temple_of_storms
Lair:1:   layout_gridlike
Lair:2:   layout_gridlike, palyth_hydra_swamp_entry, basic_altar
Lair:3:   layout_hall_layers, guppyfry_snake_entry_island
Lair:4:   layout_cave_pods, slime_entry_1
Lair:5:   wormcave, layout_hall_layers, guppyfry_lair_end_dragon
Swamp:1:  layout_basic_swamp, nicolae_swamp_triple_paths
Swamp:2:  layout_basic_swamp, portal_ice_cave_entry_pillars_three,
          evilmike_swamp_ruin_rubble_1, nicolae_swamp_drake_lake,
          infiniplex_staircase_pool, uniq_donald, uniq_jorgrun
Swamp:3:  regret_index_all_hallows'_manor, layout_basic_swamp,
          evilmike_swamp_ruin_house_5
Swamp:4:  nzn_swamp_witches_coven, layout_basic_swamp, swamp_pool_4,
          nicolae_swamp_catching_bugs

Skill      XL: |  1  2  3  4  5  6  7  8  9 10 11 12 13 14 15 16 17 |
---------------+----------------------------------------------------+-----
Ranged Weapons | 6 7 9 10 12 15 18 20 22 | 22.0
Fighting       | 3 4 5 7 8 10 11 13 14 16 17 18 19 | 19.5
Dodging        | 6 10 14 15 | 15.1
Evocations     | 5 |  5.2
Shapeshifting  | 4 7 |  7.0
Invocations    | 7 8 |  8.8
Stealth        | 10 | 10.8

Action                     |  1- 3 |  4- 6 |  7- 9 | 10-12 | 13-15 | 16-18 || total
---------------------------+-------+-------+-------+-------+-------+-------++-------
  Melee: Shortbow          |       |       |     4 |       |       |       ||     4
   Fire: Shortbow          |    93 |   180 |   346 |   468 |       |       ||  1087
         Arbalest          |       |       |       |   138 |   462 |   378 ||   978
 Invoke: Recall Ancestor   |       |       |       |     3 |     5 |     1 ||     9
         Ancestor Life: Kn |       |       |       |     1 |       |       ||     1
         Transference      |       |       |       |       |     1 |       ||     1
         Idealise          |       |       |       |       |       |     3 ||     3
  Evoke: Wand              |       |       |     1 |     5 |     1 |     8 ||    15
    Use: Scroll            |       |     7 |     6 |    11 |    12 |     9 ||    45
         Potion            |       |     2 |     2 |     2 |     4 |     4 ||    14
 Armour: Leather armour    |    21 |    32 |   116 |    52 |       |       ||   221
         Acid dragon scale |       |       |       |    15 |       |       ||    15
         Troll leather arm |       |       |       |     6 |   260 |   126 ||   392
  Dodge: Dodged            |    51 |    69 |   212 |   208 |   505 |   186 ||  1231
         Repelled          |       |       |       |     2 |     1 |       ||     3
  Block: Other             |       |       |       |       |       |    30 ||    30
         Reflection        |       |       |       |       |       |     2 ||     2
   Form: Beast             |       |       |       |       |     1 |     1 ||     2
                           |       |       |       |       |       |     1 ||     1

Table legend: (Time is in decaauts)
 A = Elapsed time spent in this place.
 B = Non-inter-level travel time spent in this place.
 C = Inter-level travel time spent in this place.
 D = Time resting spent in this place.
 E = Time spent auto-exploring this place.
 F = Levels seen in this place.
 G = Mean time per level.
                   A        B        C        D        E       F      G
               +--------+--------+--------+--------+--------+-----+--------+
         Total |  29535 |  27835 |   1700 |   7011 |  16296 |  27 | 1093.9 |
       Dungeon |  18384 |  17461 |    923 |   4713 |  10225 |  15 | 1225.6 |
        Temple |     58 |     40 |     18 |      2 |      0 |   1 |   58.0 |
          Lair |   5709 |   5186 |    523 |    526 |   3888 |   5 | 1141.8 |
         Swamp |   3649 |   3414 |    235 |   1062 |   1679 |   4 |  912.2 |
      Ice Cave |    963 |    963 |      0 |    555 |    183 |   1 |  963.0 |
      Gauntlet |    770 |    770 |      0 |    152 |    319 |   1 |  770.0 |
               +--------+--------+--------+--------+--------+-----+--------+

Top non-repeatable levels by time:
    D:14: 2226 daAuts
     D:5: 1717 daAuts
    D:15: 1683 daAuts
     D:7: 1578 daAuts
 Swamp:3: 1554 daAuts
  Lair:2: 1553 daAuts
     D:6: 1474 daAuts
     D:9: 1397 daAuts
  Lair:5: 1371 daAuts
     D:8: 1300 daAuts
    D:13: 1161 daAuts
 Swamp:2: 1075 daAuts
     D:4: 1024 daAuts
  Lair:1: 1012 daAuts
   IceCv: 963 daAuts
